 Dungeon Crawl Stone Soup version 0.23.2-30-g0e89c35649 (webtiles) character file.

Game seed: 7875342126479159097

1658 Duffeh the Cudgeler (level 8, -2/79 HPs)
             Began as a Troll Berserker on June 15, 2019.
             Was an Elder of Trog.
             Shot with an arrow by a centaur (9 damage)
             ... on level 9 of the Dungeon.
             The game lasted 00:49:58 (5492 turns).

Duffeh the Cudgeler (Troll Berserker)               Turns: 5492, Time: 00:49:59

Health: -2/79      AC:  6    Str: 28    XL:     8   Next: 68%
Magic:  7/7        EV: 12    Int:  3    God:    Trog [****..]
Gold:   528        SH:  0    Dex:  9    Spells: 7/7 levels left

rFire    + . .     SeeInvis .   a - +4 club
rCold    x . .     Gourm    +   (no shield)
rNeg     + . .     Faith    .   E - +0 animal skin
rPois    .         Spirit   .   (helmet restricted)
rElec    .         Reflect  .   (no cloak)
rCorr    .         Harm     .   (gloves unavailable)
MR       .....                  (boots unavailable)
Stlth    +.........             (no amulet)
HPRegen  0.63/turn              n - ring of fire
MPRegen  0.10/turn              o - ring of positive energy

@: lethally poisoned (-2 -> -18)
A: large, unfitting armour, claws 3, fast metabolism 3, gourmand, regeneration
1, shaggy fur 1, tough skin 3
a: Berserk, Trog's Hand, Brothers in Arms, Renounce Religion


You were on level 9 of the Dungeon.
You worshipped Trog.
Trog was greatly pleased with you.
You were completely stuffed.

You visited 1 branch of the dungeon, and saw 8 of its levels.

You collected 528 gold pieces.

Inventory:

Hand Weapons
 a - a +4 club (weapon)
 b - a +0 flail of holy wrath
 F - a +0 shortbow
Missiles
 e - 36 poisoned needles
 g - 127 stones (quivered)
 G - 18 arrows
Armour
 s - a +0 robe
 E - a +0 animal skin (worn)
Jewellery
 n - a ring of fire (left claw)
 o - a ring of positive energy (right claw)
Wands
 l - a wand of acid (12)
 w - a wand of paralysis (29)
 x - a wand of digging (6)
 D - a wand of disintegration (19)
Scrolls
 d - 7 scrolls of identify {unknown}
 f - 4 scrolls of noise {unknown}
 j - a scroll of enchant armour {unknown}
 k - 2 scrolls of enchant weapon {unknown}
 m - 5 scrolls of teleportation {unknown}
 p - 4 scrolls of blinking {unknown}
 q - a scroll of magic mapping {unknown}
 y - a scroll of immolation {unknown}
 B - 3 scrolls of remove curse {unknown}
 C - a scroll of random uselessness {unknown}
Potions
 h - 3 potions of haste {unknown}
 i - a potion of lignification {unknown}
 r - a potion of heal wounds {unknown}
 t - 2 potions of degeneration {unknown}
 u - 7 potions of curing {unknown}
 v - 2 potions of might {unknown}
 z - 2 potions of resistance {unknown}
 A - 3 potions of flight {unknown}
Comestibles
 c - 16 rations


   Skills:
 + Level 4.6 Fighting
 + Level 6.5 Maces & Flails
 + Level 1.3 Throwing
 + Level 6.1 Dodging
 + Level 1.4 Stealth


You had 7 spell levels left.
You didn't know any spells.
Your spell library was empty.

Dungeon Overview and Level Annotations

Branches:
Dungeon (7/15)             Temple (0/1) D:7

Altars:
Cheibriados
Dithmenos
Elyvilon
Makhleb
Okawaru
Qazlal
Uskayaw
Vehumet
Wu Jian
Xom
The Shining One


Innate Abilities, Weirdness & Mutations

You are too large for most types of armour.
You have claws for hands.
Your metabolism is lightning-fast.
You like to eat raw meat.
Your natural rate of healing is unusually fast.
You are covered in fur. (AC +1)
You have extremely tough skin. (AC +3)


Message History

You are more poisoned.
The water moccasin poisons you!
The centaur shoots an arrow.
The arrow hits you!
* * * LOW HITPOINT WARNING * * *
You see here 2 arrows.
* * * LOW HITPOINT WARNING * * *
You feel very sick.
The water moccasin bites you but does no damage.
Aiming: Paralyse
Press: ? - help, Shift-Dir - straight line, f - water moccasin
Aim: a water moccasin (lightly wounded, chance to defeat MR: 46%)
The water moccasin suddenly stops moving!
* * * LOW HITPOINT WARNING * * *
You feel very sick.
An adder comes into view.
* * * LOW HITPOINT WARNING * * *
You feel very sick.
* * * LOW HITPOINT WARNING * * *
You feel sick.
The centaur shoots an arrow.
The arrow hits you!
You die...

### #.#
#########.#
#.........#
#..>......#
#...@.....#
####.....(...#
.............#
......cS.....#
.............#
.......(.....#
.............#
.......#######
......S


You could see a water moccasin (paralysed) and a centaur.

Vanquished Creatures
  A water moccasin (D:5)
  A phantom (D:4)
  An ice beast (D:6)
  A sky beast (D:5)
  2 ogres
  2 centaurs
  A howler monkey (D:7)
  2 crimson imps
  A centaur zombie (D:5)
  A jelly (D:6)
  An orc priest (D:7)
  2 bullfrog skeletons
  2 centaur skeletons (D:4)
  3 orc wizards
  Jessica (D:3)
  An iguana (D:4)
  3 worker ants
  A hound zombie (D:6)
  2 worker ant zombies (D:6)
  5 gnolls
  20 adders
  A shadow imp (D:7)
  An adder skeleton (D:7)
  2 worms
  4 dart slugs
  4 leopard geckos
  19 orcs
  10 bats
  10 giant cockroaches
  7 goblins
  10 hobgoblins
  12 jackals
  3 quokkas
  5 ball pythons
  6 frilled lizards
  5 kobolds
  A quokka skeleton (D:7)
  6 rats
160 creatures vanquished.

Vanquished Creatures (others)
  4 toadstools (D:1)
4 creatures vanquished.

Grand Total: 164 creatures vanquished

Notes
Turn   | Place    | Note
-------+----------+-------------------------------------------
     0 | D:1      | Duffeh the Troll Berserker began the quest for the Orb.
     0 | D:1      | Reached XP level 1. HP: 22/22 MP: 0/0
    67 | D:1      | Reached XP level 2. HP: 7/29 MP: 1/1
   343 | D:1      | Reached ** piety under Trog
   475 | D:1      | Reached XP level 3. HP: 36/36 MP: 2/2
   629 | D:2      | Found a hide-covered altar of Uskayaw.
   631 | D:2      | Noticed a +0 hand axe
   631 | D:2      | Noticed a +0 dagger
   847 | D:2      | Reached XP level 4. HP: 45/45 MP: 3/3
   920 | D:2      | Reached *** piety under Trog
  1026 | D:2      | Found a radiant altar of Vehumet.
  1028 | D:2      | Found a shimmering altar of Xom.
  1028 | D:2      | You fall through a shaft for 2 floors!
  1181 | D:3      | Reached XP level 5. HP: 51/53 MP: 4/4
  1206 | D:3      | Noticed Jessica
  1211 | D:3      | Killed Jessica
  1306 | D:3      | Found a shadowy altar of Dithmenos.
  1393 | D:3      | Found a snail-covered altar of Cheibriados.
  1436 | D:2      | Found a stormy altar of Qazlal.
  1714 | D:3      | Found a glowing golden altar of the Shining One.
  2207 | D:4      | Reached XP level 6. HP: 55/61 MP: 5/5
  2327 | D:4      | Reached **** piety under Trog
  2345 | D:4      | Found an iron altar of Okawaru.
  2846 | D:5      | Entered Level 5 of the Dungeon
  2862 | D:5      | Reached XP level 7. HP: 60/68 MP: 6/6
  2867 | D:5      | Reached skill level 5 in Maces & Flails
  3026 | D:5      | Found a burning altar of Makhleb.
  3133 | D:5      | Reached skill level 1 in Stealth
  3194 | D:5      | Found a white marble altar of Elyvilon.
  3241 | D:5      | Reached skill level 5 in Dodging
  3307 | D:5      | Reached XP level 8. HP: 36/78 MP: 7/7
  3317 | D:5      | Found an ornate altar of the Wu Jian Council.
  4905 | D:7      | Reached skill level 1 in Throwing
  5243 | D:7      | Found a staircase to the Ecumenical Temple.
  5474 | D:7      | You fall through a shaft for 2 floors!
  5492 | D:9      | Shot with an arrow by a centaur

Skill      XL: |  1  2  3  4  5  6  7  8 |
---------------+-------------------------+-----
Maces & Flails | 3 4 5 6 |  6.5
Dodging        | 3 4 5 6 |  6.1
Fighting       | 3 4 |  4.6
Stealth        | 1 |  1.4
Throwing       | 1 |  1.3

Action                   |  1- 3 |  4- 6 |  7- 9 || total
-------------------------+-------+-------+-------++-------
Melee: Mace              |   123 |    71 |       ||   194
       Club              |       |   153 |   272 ||   425
Throw: Stone             |     4 |       |    26 ||    30
Invok: Berserk           |       |     1 |     3 ||     4
       Trog's Hand       |       |       |     2 ||     2
Evoke: Wand              |       |       |     1 ||     1
 Stab: Sleeping          |       |     1 |     1 ||     2
       Distracted        |       |     1 |       ||     1
  Eat: Chunk             |     9 |    21 |    32 ||    62
Armor: Animal skin       |   113 |   104 |   109 ||   326
Dodge: Dodged            |   160 |   158 |   190 ||   508
